 Dungeon Crawl Stone Soup version 0.18.1-48-g4cf74bf (webtiles) character file.

198 tyranidshit the Skirmisher (level 5, 0/46 HPs)
             Began as a Demonspawn Abyssal Knight on Sept 9, 2016.
             Was a Priest of Lugonu.
             Succumbed to a worker ant's poison
             ... on level 4 of the Dungeon.
             The game lasted 00:06:13 (2295 turns).

tyranidshit the Skirmisher (DsAK)                   Turns: 2295, Time: 00:06:14

Health: 0/46       AC:  6    Str: 12 (13) XL:     5   Next: 47%
Magic:  6/6        EV: 11    Int: 11 (13) God:    Lugonu [***...]
Gold:   244        SH:  0    Dex: 12 (13) Spells: 0 memorised, 4 levels left

rFire  . . .     SeeInvis .     a - +1 hand axe
rCold  . . .     Gourm    .     i - +0 ring mail
rNeg   . . .     Faith    .     (no shield)
rPois  .         Spirit   +     (no helmet)
rElec  .         Dismiss  .     (no cloak)
rCorr  .         Reflect  .     h - +0 pair of gloves
SustAt .         Harm     .     (no boots)
MR     .....                    (no amulet)
Stlth  +.........               (no ring)
                                (no ring)

@: lethally poisoned (0 -> -5), very slightly contaminated, invisible, not
resistant to hostile enchantments, very unstealthy
A: magic shield, magic regeneration, sturdy frame 1
a: Depart the Abyss, Bend Space, Banish, Renounce Religion


You were on level 4 of the Dungeon.
You worshipped Lugonu.
Lugonu was most pleased with you.
You were not hungry.

You visited 1 branch of the dungeon, and saw 4 of its levels.
You visited the Abyss 1 time.

You collected 244 gold pieces.

Inventory:

Hand Weapons
 a - a +1 hand axe (weapon)
Armour
 b - a +0 leather armour
 h - a +0 pair of gloves (worn)
 i - a +0 ring mail (worn)
 j - a +0 ring mail
Jewellery
 n - an uncursed ring of ice {unknown}
Wands
 f - a wand of iceblast (3/15)
 l - a wand of iceblast (11/15)
Scrolls
 e - 2 scrolls of remove curse
 p - a scroll of identify
Comestibles
 c - 2 bread rations
 d - 4 meat rations
 g - 4 fruits
 m - a beef jerky


   Skills:
 + Level 6.2 Fighting
 - Level 1.7 Axes
 - Level 1.7 Armour
 - Level 0.8 Dodging
 - Level 2.4 Invocations


You had 4 spell levels left.
You didn't know any spells.

Dungeon Overview and Level Annotations

Branches:
Dungeon (4/15)
 Temple: D:4-7

Altars:
Elyvilon
Kikubaaqudgha
Makhleb
Okawaru
Trog


Innate Abilities, Weirdness & Mutations

When hurt, damage is shared between your health and your magic reserves.
You regenerate magic rapidly.
Your movements are slightly less encumbered by armour (ER -2).


Message History

You feel sick.
* * * LOW HITPOINT WARNING * * *
You feel sick.
* * * LOW HITPOINT WARNING * * *
You feel sick.
* * * LOW HITPOINT WARNING * * *
You feel sick.
* * * LOW HITPOINT WARNING * * *
You feel sick.
* * * LOW HITPOINT WARNING * * *
You feel sick.
* * * LOW HITPOINT WARNING * * *
You feel sick.
* * * LOW HITPOINT WARNING * * *
You feel sick.
* * * LOW HITPOINT WARNING * * *
You feel sick.
* * * LOW HITPOINT WARNING * * *
You feel sick.
You die...

.......## #.#
.....#..# #.#####
......#.## #..... #
......#..######..###.#
......#..............#
......#.#.###.###.#..#
........#...#.#...# #
........###.#.#.###..#
................@....#
####..###†#.#.###..#
#.. #.....# # ###.###
..... ..##### ###


There were no monsters in sight!

Vanquished Creatures
  A scorpion (D:4)
  A worker ant (D:4)
  3 adders
  4 worms
  2 dart slugs (D:1)
  4 giant geckos
  An orc (D:3)
  4 bats
  2 giant cockroaches
  12 goblins
  5 hobgoblins
  10 jackals
  2 quokkas
  2 ball pythons (D:3)
  6 giant newts
  7 kobolds
  12 rats
78 creatures vanquished.

Notes
Turn   | Place    | Note
--------------------------------------------------------------
     0 | Abyss:1  | tyranidshit the Demonspawn Abyssal Knight began the quest for the Orb.
     0 | Abyss:1  | Reached XP level 1. HP: 18/18 MP: 2/2
    68 | Abyss:1  | Noticed an ice beast
   104 | Abyss:2  | Noticed a smoke demon
   116 | Abyss:2  | Noticed a large abomination
   120 | D:1      | Escaped the Abyss
   142 | D:1      | Reached * piety under Lugonu
   192 | D:1      | Gained mutation: Your movements are slightly less encumbered by armour (ER -2). [demonic ancestry]
   192 | D:1      | Reached XP level 2. HP: 12/24 MP: 3/3
   487 | D:1      | Reached skill level 4 in Fighting
   513 | D:1      | Gained mutation: You occasionally shout uncontrollably at your foes. [potion of mutation]
   513 | D:1      | Gained mutation: You have very sharp teeth. [potion of mutation]
   513 | D:1      | Gained mutation: You have large cloven feet. [potion of mutation]
   591 | D:1      | Gained mutation: When hurt, damage is shared between your health and your magic reserves. [demonic ancestry]
   591 | D:1      | Reached XP level 3. HP: 17/30 MP: 4/4
   687 | D:1      | Reached ** piety under Lugonu
  1031 | D:2      | Lost mutation: You occasionally shout uncontrollably at your foes. [potion of cure mutation]
  1031 | D:2      | Lost mutation: You have large cloven feet. [potion of cure mutation]
  1031 | D:2      | Lost mutation: You have very sharp teeth. [potion of cure mutation]
  1176 | D:2      | Found a white marble altar of Elyvilon.
  1186 | D:2      | Reached XP level 4. HP: 28/38 MP: 3/5
  1302 | D:2      | Reached skill level 5 in Fighting
  1718 | D:3      | Found a bloodstained altar of Trog.
  1719 | D:3      | Found an iron altar of Okawaru.
  1846 | D:3      | Reached *** piety under Lugonu
  2099 | D:3      | Found a burning altar of Makhleb.
  2099 | D:3      | Found an ancient bone altar of Kikubaaqudgha.
  2209 | D:4      | Reached skill level 6 in Fighting
  2209 | D:4      | Gained mutation: You regenerate magic rapidly. [demonic ancestry]
  2209 | D:4      | Reached XP level 5. HP: 9/46 MP: 2/6
  2291 | D:4      | HP: 2/46 [poisoned by a worker ant]
  2295 | D:4      | Succumbed to a worker ant's poison

Skill      XL: |  1  2  3  4 |
---------------+-------------+-----
Fighting       | 4 6 |  6.2
Axes           | |  1.7
Armour         | |  1.7
Dodging        | |  0.8
Invocations    | |  2.4

Action                   |  1- 3 |  4- 6 || total
-------------------------+-------+-------++-------
Melee: Hand axe          |   140 |   144 ||   284
       Kick              |     7 |       ||     7
       Bite              |     5 |       ||     5
Invok: Depart the Abyss  |     1 |       ||     1
Evoke: Wand              |       |     2 ||     2
  Use: Scroll            |     3 |     2 ||     5
       Potion            |     4 |     5 ||     9
  Eat: Bread ration      |       |     2 ||     2
Armor: Leather armour    |    12 |       ||    12
       Ring mail         |    61 |    45 ||   106
Dodge: Dodged            |   116 |    85 ||   201
